 Dungeon Crawl Stone Soup version 0.25-a0-547-g27a0b5d1ef (webtiles) character file.

Game seed: 830295573212014176, levelgen mode: classic

231876 EnegeticOcto the Champion of Chaos (level 18, -4/177 HPs)
             Began as a Deep Dwarf Fighter on Feb 21, 2020.
             Was the Champion of Makhleb.
             Slain by a spark wasp (glowing shapeshifter) (10 damage)
             ... on level 5 of the Vaults.
             The game lasted 00:16:03 (17011 turns).

EnegeticOcto the Champion of Chaos (DDFi)          Turns: 17011, Time: 00:16:04

Health: -4/177     AC: 27    Str: 28    XL:     18   Next: 37%
Magic:  12/12      EV: 12    Int: 11    God:    Makhleb [******]
Gold:   1601       SH: 23    Dex: 18    Spells: 17/17 levels left

rFire    + . .     SeeInvis +   D - +8 broad axe of Imbalance {vorpal, rC+++ Dex+4 SInv Stlth-}
rCold    + + +     Gourm    .   G - +0 tower shield (curse)
rNeg     + + .     Faith    .   u - +0 plate armour {rF+}
rPois    +         Spirit   .   a - +2 helmet "Qeomiompyg" {rN+}
rElec    .         Reflect  .   m - +1 cloak
rCorr    .         Harm     +   H - +0 pair of gloves {archery}
MR       ++...                  (no boots)
Stlth    ..........             K - amulet of harm
HPRegen  0.00/turn              I - ring "Acwegres" {rPois Dex+2 SInv}
MPRegen  0.13/turn              (no ring)

@: flayed, very slightly contaminated, non-regenerating
A: damage resistance, heal wounds, iridescent scales 1, yellow scales 1,
negative energy resistance 1, sense surroundings 3, strong 1, no regeneration
}: 2/15 runes: decaying, serpentine
a: Heal Wounds, Minor Destruction, Lesser Servant of Makhleb, Major Destruction,
Greater Servant of Makhleb, Renounce Religion


You were on level 5 of the Vaults.
You worshipped Makhleb.
Makhleb was exalted by your worship.
You were hungry.

You visited 6 branches of the dungeon, and saw 32 of its levels.
You also visited: Trove, Sewer, Ossuary and Bailey.

You collected 1995 gold pieces.
You spent 394 gold pieces at shops.

Inventory:

Hand Weapons
 D - the +8 broad axe of Imbalance (weapon) {vorpal, rC+++ Dex+4 SInv Stlth-}
   (You found it in a treasure trove)

   It inflicts extra damage upon your enemies.
   It affects your dexterity (+4).
   It renders you almost immune to cold.
   It lets you see invisible.
   It makes you less stealthy.
Missiles
 x - 5 throwing nets (quivered)
Armour
 a - the +2 helmet "Qeomiompyg" (worn) {rN+}
   (You found it on level 11 of the Dungeon)

   It protects you from negative energy.
   If you remove this armour, your AC will decrease by 3 (27 -> 24).
 c - the +13 chain mail of Sunlight {*Slow +Inv rPois MP+9}
   (You found it on level 2 of the Vaults)

   It protects you from poison.
   It affects your magic capacity (+9).
   It lets you turn invisible.
   It may slow you when you take damage.
   If you switch to wearing this armour, your AC will increase by 10 (27 -> 37).
 m - a +1 cloak (worn)
 u - a +0 plate armour of fire resistance (worn)
 G - a cursed +0 tower shield (worn)
 H - a +0 pair of gloves of archery (worn)
Jewellery
 f - a +1 ring of protection {unknown}
 v - a cursed ring of attention {unknown}
 I - the ring "Acwegres" (left hand) {rPois Dex+2 SInv}
   (You found it in a treasure trove)

   [ring of poison resistance]

   It affects your dexterity (+2).
   It protects you from poison.
   It lets you see invisible.
 K - an amulet of harm (around neck)
 L - an uncursed ring of protection from cold
 N - a cursed -3 ring of slaying {unknown}
 P - a +2 ring of dexterity {unknown}
Wands
 o - a wand of polymorph (17)
 q - a wand of flame (21)
 E - a wand of acid (8) {@v1}
 F - a wand of iceblast (55)
 J - a wand of clouds (2)
Scrolls
 d - 4 scrolls of blinking {@r3}
 h - 10 scrolls of teleportation {@r2}
 w - 4 scrolls of magic mapping {@r5}
 y - a scroll of enchant armour
 A - 16 scrolls of remove curse {@r6}
 M - a scroll of fog
 O - 2 scrolls of enchant weapon
Potions
 b - 4 potions of cancellation
 g - 3 potions of berserk rage
 i - 13 potions of curing {@q1}
 j - 7 potions of stabbing {@q5}
 k - 3 potions of might {@q3}
 n - 3 potions of haste {@q4}
 p - 5 potions of heal wounds {@q2}
 r - 2 potions of mutation
 s - 4 potions of flight
 t - 5 potions of lignification {@q7}
 z - 7 potions of magic
 B - a potion of resistance {@q6}
 C - 4 potions of ambrosia
Comestibles
 e - 41 rations
 l - 13 chunks of flesh


   Skills:
 * Level 14.8 Fighting
 * Level 17.0 Axes
 + Level 12.9 Armour
 - Level 9.4 Dodging
 * Level 17.4 Shields
 * Level 20.8 Invocations


You had 17 spell levels left.
You didn't know any spells.
Your spell library was empty.

Dungeon Overview and Level Annotations

Branches:
Dungeon (15/15)            Temple (1/1) D:6            Lair (3/6) D:8
  Swamp (4/4) Lair:3        Snake (4/4) Lair:2          Orc (0/2) D:10
 Vaults (5/5) D:13         Depths (0/5) D:15          Sewer (visited)
Ossuary (visited)          Bailey (visited)
  Crypt: Vaults:2-3

Altars:
Ashenzari
Cheibriados
Elyvilon
Hepliaklqana
Kikubaaqudgha
Makhleb
Trog
Uskayaw
Wu Jian
Yredelemnul

Shops:
D:4 !   D:6 ?   D:10 (   Vaults:1 %

Annotations:
D:14 Roxanne
Swamp:1 1 transporter
Swamp:4 exclusion: oklob plant


Innate Abilities, Weirdness & Mutations

You are resistant to damage.
You can heal yourself by infusing magical energy.
You resist negative energy. (rN+)
You passively map a large area around you.
You do not regenerate.
You are partially covered in iridescent scales. (AC +2)
You are partially covered in yellow scales. (AC +2)
Your muscles are strong. (Str +2)


Message History

The ironheart preserver begins to accept its allies' injuries.
You block the flayed ghost's attack.
An ogre comes into view. It is wielding a +0 giant club.
The ogre shouts!
You slash the flayed ghost!
The flayed ghost is lightly damaged.
You hit the death knight but do no damage.
You miss the sea snake.
The sea snake changes into a mana viper!
The ogre mage gestures wildly while chanting.
The ogre mage blinks!
You block the vault guard's attack.
The flayed ghost cries, "Suffer as I suffered!"
Terrible wounds spread across more of your body!
* * * LOW HITPOINT WARNING * * *
You completely miss the flayed ghost.
The flayed ghost is lightly damaged.
You closely miss the death knight. You closely miss the mana viper.
The death knight calls down the wrath of Yredelemnul upon you.
You resist with almost no effort.
You slice the flayed ghost!!
The flayed ghost is heavily damaged.
You miss the mana viper. You hit the death knight.
The death knight reflects your damage back at you!
The mana viper changes into a manticore!
The vault guard misses you.
The flayed ghost cries, "Suffer as I suffered!"
You block the death knight's attack.
You feel much better.
The ogre mage mumbles some strange words.
The ogre mage blinks!
The flayed ghost misses you. You block the vault guard's attack.
You block the manticore's attack. x3
The death knight hits you with a +1 vorpal morningstar!
* * * LOW HITPOINT WARNING * * *
Your magical essence is drained by the effort!
You feel much better.
The death knight's dark mirror aura disappears.
The flayed ghost hits you. You block the manticore's attack.
The manticore misses you.
The manticore claws you but does no damage.
You block the vault guard's attack.
You slash the flayed ghost!
The flayed ghost is heavily damaged.
You slice the manticore!! You slash the death knight!
The manticore changes into a torpor snail!
The death knight hits you but does no damage.
The flayed ghost cries, "Suffer as I suffered!"
Terrible wounds spread across more of your body!
* * * LOW HITPOINT WARNING * * *
You hit the flayed ghost.
The flayed ghost is heavily damaged.
You slash the death knight!
You kill the death knight!
Makhleb accepts your kill.
You feel better.
You slash the torpor snail!
The torpor snail changes into a death drake!
The vault guard misses you. You block the flayed ghost's attack.
Your shield and plate armour prevent you from hitting the flayed ghost.
The flayed ghost is heavily damaged.
Your plate armour prevents you from hitting the freezing wraith.
You slash the death drake!
The death drake changes into an elephant!
The freezing wraith hits you. The freezing wraith freezes you. You resist.
The freezing wraith hits you but does no damage.
You block the vault guard's attack.
The ironheart preserver casts a spell.
The ironheart preserver begins to accept its allies' injuries.
You slash the flayed ghost!
The flayed ghost is severely damaged.
You slice the elephant!! You hit the freezing wraith.
You block the flayed ghost's attack.
You block the freezing wraith's attack. x2
You block the elephant's attack.
The elephant trunk-slaps you but does no damage.
You barely miss the flayed ghost.
The flayed ghost is severely damaged.
You slice the elephant!! You closely miss the freezing wraith.
The vault guard hits you but does no damage.
The flayed ghost cries, "Suffer as I suffered!"
Terrible wounds spread across more of your body!
* * * LOW HITPOINT WARNING * * *
Your shield and plate armour prevent you from hitting the flayed ghost.
The flayed ghost is severely damaged.
You hit the elephant but do no damage. You closely miss the freezing wraith.
The elephant changes into a spark wasp!
You block the freezing wraith's attack. x2
You block the flayed ghost's attack. The vault guard barely misses you.
You slash the flayed ghost!
The flayed ghost is severely damaged.
You hit the freezing wraith. You closely miss the spark wasp.
You block the freezing wraith's attack. x2; The flayed ghost misses you.
The spark wasp stings you.
* * * LOW HITPOINT WARNING * * *
The spark wasp shocks you!
* * * LOW HITPOINT WARNING * * *
You miss the flayed ghost.
The flayed ghost is severely damaged.
You closely miss the freezing wraith. You closely miss the spark wasp.
You block the vault guard's attack. You block the freezing wraith's attack.
The freezing wraith closely misses you. The spark wasp stings you!
* * * LOW HITPOINT WARNING * * *
The spark wasp shocks you!
You die...

* ################# , , ,
, ................ , ,
,,, .............. ,
############.#.#........
, , **
*.OOOWpW@yW()....W.......
.OOO####Wp).####.#...^#,
,,. **#.....###....)....#
,, , ......##......#p...#
* * , *
...}..#.......#....# * ,,
.....##.......#,...#
.....#........# ...# * ,
* .....#...)....# ,..#, *
*##...####.# ,..#,


You could see an ironheart preserver, a vault guard, a spark wasp shaped
shifter, a flayed ghost, 2 two-headed ogres, an ogre mage, 2 freezing wraiths, a
wraith and 3 ogres.

Vanquished Creatures
  A bone dragon (Swamp:4)
  Gastronok (Lair:3)
  A quicksilver dragon (Vaults:5)
  A shadow dragon (Vaults:5)
  3 thorn hunters
  A storm dragon (Vaults:2)
  Donald (Vaults:1)
  6 nagarajas
  A fire giant (Vaults:3)
  5 vault wardens
  A very ugly thing (Swamp:3)
  2 stone giants
  2 war gargoyles (Vaults:5)
  An entropy weaver (Vaults:3)
  Nessos (D:15)
  5 ironheart preservers
  A deep elf annihilator (Vaults:2)
  2 deep elf death magi (Vaults:5)
  2 ettins (Vaults:5)
  A deep elf high priest (Vaults:5)
  5 yaktaur captains
  4 great orbs of eyes
  Harold (D:7)
  An ice dragon (Vaults:2)
  A catoblepas (D:15)
  2 hydras
  12 naga warriors
  9 vault guards
  2 ghost crabs (Swamp:4)
  6 anacondas
  3 death knights
  7 centaur warriors
  17 two-headed ogres
  4 ogre magi
  5 death yaks (D:8)
  7 alligators
  11 naga sharpshooters
  A shock serpent (Snake:1)
  2 deep elf knights
  A fire crab (shapeshifter) (Vaults:1)
  8 deep trolls
  2 salamander mystics (Snake:3)
  A death drake (shapeshifter) (D:13)
  3 spriggan druids
  4 unseen horrors
  3 deep elf archers (Vaults:2)
  A necromancer (Vaults:4)
  4 naga ritualists
  A harpy (Vaults:2)
  2 ironbrand convokers
  2 orc knights
  Pikel (D:9)
  2 phantasmal warriors (Swamp:4)
  5 ugly things (Vaults:3)
  5 deep elf magi
  5 cyclopes
  A frost giant zombie (Vaults:4)
  4 mana vipers (Snake:1)
  3 wolf spiders
  11 salamanders
  A vault sentinel (Vaults:2)
  3 centaur zombies (D:11)
  7 naga magi
  2 guardian serpents
  20 black mambas
  3 gargoyles
  2 centaur skeletons
  A yaktaur zombie (Vaults:4)
  2 rime drakes
  9 spiny frogs
  4 freezing wraiths
  5 swamp worm zombies (Swamp:4)
  2 komodo dragons
  A kobold demonologist (D:13)
  12 yaktaurs
  A tengu conjurer (D:13)
  A troll (D:11)
  2 hydra zombies (Swamp:4)
  2 trolls (shapeshifter)
  6 tyrant leeches
  A hornet (Vaults:2)
  A polar bear (Lair:2)
  A harpy skeleton (D:15)
  Prince Ribbit (D:6)
  5 bog bodies
  A spectral swamp dragon (Swamp:4)
  8 blink frogs
  A fire giant simulacrum (Vaults:4)
  4 hippogriffs
  An alligator zombie (Swamp:4)
  14 slime creatures
  3 spriggans
  4 redbacks (Vaults:3)
  An ettin skeleton (Vaults:4)
  A redback (shapeshifter) (Vaults:2)
  4 shadows
  3 wyverns
  2 vampires (D:15)
  Grum (D:11)
  8 basilisks
  19 yaks
  11 vampire mosquitoes
  A steam dragon (D:9)
  A hog (D:9)
  11 swamp worms
  15 insubstantial wisps
  25 nagas
  An acid dragon (D:11)
  3 water moccasins
  16 orc warriors
  A black bear (Lair:2)
  7 porcupines
  3 sky beasts
  A slave (D:9)
  6 ice beasts
  2 swamp drakes
  11 phantoms
  A swamp dragon zombie (Swamp:4)
  9 wolves
  15 ogres
  3 boggarts (Vaults:3)
  4 centaurs
  A human skeleton (Vaults:4)
  4 crocodiles
  3 big kobolds
  A gnoll sergeant (D:11)
  13 bullfrogs
  2 wyvern zombies
  4 scorpions
  3 wyvern skeletons
  A human simulacrum (Vaults:1)
  3 wights (D:7)
  A howler monkey (D:4)
  9 lava snakes (Snake:2)
  8 crimson imps
  A bullfrog zombie (D:12)
  A quasit (D:6)
  8 jellies
  7 hounds
  9 orc priests
  3 bullfrog skeletons
  5 iguanas
  17 orc wizards
  9 worker ants
  A hound skeleton (D:5)
  A hound zombie (D:5)
  8 mummies (Ossuary)
  A worker ant zombie (D:11)
  4 gnolls
  12 adders
  2 shadow imps (D:7)
  An ooze (D:4)
  3 adder skeletons
  An adder zombie (D:8)
  3 worms
  A dart slug (D:1)
  11 leopard geckos
  41 orcs
  4 giant cockroaches
  A gnoll zombie (Ossuary)
  4 goblins
  5 hobgoblins
  5 jackals
  23 kobolds
  A quokka (D:6)
  2 ball pythons (Snake:2)
  4 bats
  3 frilled lizards
  2 goblin zombies (D:8)
  2 hobgoblin zombies (Ossuary)
  3 kobold zombies (Ossuary)
  A leopard gecko skeleton (D:4)
  2 orc zombies (Ossuary)
  A quokka skeleton (D:4)
  A quokka zombie (D:5)
  3 rats
  A briar patch (Swamp:1)
  2 plants (Lair:3)
798 creatures vanquished.

Vanquished Creatures (collateral kills)
  2 nagarajas (Snake:4)
  An orc warlord (Bailey)
  3 vault guards (D:13)
  2 naga warriors
  A centaur warrior (D:13)
  2 naga sharpshooters (Snake:4)
  A wizard (D:13)
  2 black mambas (Snake:4)
  A guardian serpent (Snake:4)
  A yaktaur (D:13)
  A naga (Snake:4)
  A gnoll (Bailey)
18 creatures vanquished.

Vanquished Creatures (others)
  3 insubstantial wisps (Swamp:4)
  An orc warrior (D:9)
  A slave (D:9)
  A worker ant (D:9)
  2 orcs (D:9)
  4 briar patches
12 creatures vanquished.

Grand Total: 828 creatures vanquished

Notes
Turn   | Place    | Note
-------+----------+-------------------------------------------
     0 | D:1      | EnegeticOcto the Deep Dwarf Fighter began the quest for the
                  | Orb.
     0 | D:1      | Reached XP level 1. HP: 20/20 MP: 1/1
    77 | D:1      | Reached XP level 2. HP: 27/27 MP: 2/2
   236 | D:2      | Reached XP level 3. HP: 19/34 MP: 3/3
   415 | D:4      | Found a hide-covered altar of Uskayaw.
   425 | D:4      | Reached skill level 1 in Dodging
   451 | D:4      | Reached XP level 4. HP: 21/42 MP: 4/4
   522 | D:4      | Reached XP level 5. HP: 40/49 MP: 5/5
   557 | D:4      | Found Faut Idgh's Distillery.
   577 | D:4      | Bought a potion of heal wounds for 70 gold pieces
   577 | D:4      | Bought a potion of curing for 42 gold pieces
   791 | D:5      | Entered Level 5 of the Dungeon
   791 | D:5      | Noticed an ogre
   799 | D:5      | Killed an ogre
   833 | D:5      | Reached XP level 6. HP: 55/57 MP: 5/5
  1017 | D:5      | Noticed an ice beast
  1038 | D:5      | Killed an ice beast
  1038 | D:5      | Reached XP level 7. HP: 50/66 MP: 6/6
  1143 | D:5      | Reached skill level 5 in Axes
  1301 | D:5      | Reached skill level 5 in Fighting
  1462 | D:5      | Found a snail-covered altar of Cheibriados.
  1520 | D:6      | Noticed Prince Ribbit
  1539 | D:6      | Reached skill level 5 in Shields
  1549 | D:6      | Reached XP level 8. HP: 53/74 MP: 6/6
  1553 | D:6      | Reached skill level 5 in Armour
  1569 | D:6      | Found a staircase to the Ecumenical Temple.
  1584 | D:6      | Killed Prince Ribbit
  1591 | Temple   | Entered the Ecumenical Temple
  1624 | Temple   | Became a worshipper of Makhleb the Destroyer
  1693 | D:6      | Found a glowing drain.
  1731 | Sewer    | Entered a sewer
  1799 | Sewer    | Reached skill level 1 in Invocations
  2087 | D:6      | Reached * piety under Makhleb
  2087 | D:6      | Reached skill level 2 in Invocations
  2232 | D:6      | Reached skill level 3 in Invocations
  2246 | D:6      | Gained mutation: You passively map the area around you.
                  | [Deep Dwarf growth]
  2246 | D:6      | Reached XP level 9. HP: 43/82 MP: 7/7
  2494 | D:6      | Found Niacumuc's Magic Scroll Emporium.
  2516 | D:6      | Bought a scroll of brand weapon for 240 gold pieces
  2516 | D:6      | Bought a scroll of magic mapping for 42 gold pieces
  2554 | D:7      | Found a white marble altar of Elyvilon.
  2613 | D:7      | Reached skill level 4 in Invocations
  2614 | D:7      | Reached ** piety under Makhleb
  2929 | D:7      | Noticed Harold
  2990 | D:7      | Killed Harold
  2990 | D:7      | Reached skill level 5 in Dodging
  2990 | D:7      | Reached skill level 5 in Invocations
  3121 | D:7      | Noticed a two-headed ogre
  3142 | D:7      | Killed a two-headed ogre
  3142 | D:7      | Reached skill level 6 in Invocations
  3142 | D:7      | Reached XP level 10. HP: 94/94 MP: 7/7
  3488 | D:8      | Noticed a death yak
  3488 | D:8      | Noticed a death yak
  3501 | D:8      | Noticed a death yak
  3501 | D:8      | Noticed a death yak
  3502 | D:8      | Noticed a death yak
  3514 | D:8      | Killed a death yak
  3543 | D:8      | Killed a death yak
  3543 | D:8      | Reached skill level 7 in Invocations
  3564 | D:8      | Killed a death yak
  3601 | D:8      | Killed a death yak
  3654 | D:8      | Killed a death yak
  3654 | D:8      | Reached skill level 8 in Invocations
  3681 | D:8      | Reached XP level 11. HP: 92/103 MP: 5/5
  3689 | D:8      | Found a staircase to the Lair.
  3742 | D:8      | Found a flagged portal.
  3751 | Bailey   | Entered a bailey
  3756 | Bailey   | Noticed an orc warlord
  3781 | Bailey   | Reached *** piety under Makhleb
  3851 | Bailey   | Found a runed translucent gate.
  3853 | Bailey   | Found a runed translucent gate.
  3855 | Bailey   | Found a runed translucent gate.
  3932 | Bailey   | Killed an orc warlord
  3956 | Bailey   | Reached skill level 10 in Axes
  3956 | Bailey   | Reached skill level 10 in Invocations
  3956 | Bailey   | Reached XP level 12. HP: 72/114 MP: 3/5
  3957 | Bailey   | Reached skill level 10 in Fighting
  3957 | Bailey   | Reached skill level 11 in Invocations
  3957 | Bailey   | Reached XP level 13. HP: 78/123 MP: 3/7
  4001 | D:8      | Found a sand-covered staircase.
  4008 | Ossuary  | Entered an ossuary
  4868 | D:9      | Noticed Psyche
  4874 | D:9      | Noticed Psyche
  4874 | D:9      | Psyche changed into Psyche the hog
  4883 | D:9      | Killed Psyche the hog
  4922 | D:9      | Noticed Pikel
  4934 | D:9      | Killed Pikel
  4934 | D:9      | Reached **** piety under Makhleb
  5073 | D:9      | Gained mutation: You are partially covered in iridescent
                  | scales. (AC +2) [potion of mutation]
  5073 | D:9      | Gained mutation: You are partially covered in yellow
                  | scales. (AC +2) [potion of mutation]
  5073 | D:9      | Gained mutation: Your muscles are strong. (Str +2) [potion
                  | of mutation]
  5085 | D:9      | Found a basalt altar of Yredelemnul.
  5338 | D:10     | Entered Level 10 of the Dungeon
  5370 | D:10     | Found Owoecwoj's Weapon Shop.
  5370 | D:10     | Found a staircase to the Orcish Mines.
  5578 | D:10     | Found a portal to a secret trove of treasure.
  5587 | Trove    | Entered a treasure trove
  5597 | Trove    | Got a distressingly furry plate armour
  5601 | Trove    | Got a faintly glowing broad axe
  5614 | Trove    | Got a heavily runed platinum ring
  5617 | Trove    | Identified the +8 broad axe of Imbalance {vorpal, rC+++
                  | Dex+4 SInv Stlth-} (You found it in a treasure trove)
  5637 | D:10     | Identified the cursed +1 plate armour "Sanorom" {rN+} (You
                  | found it in a treasure trove)
  5665 | D:10     | Identified the ring "Acwegres" {rPois Dex+2 SInv} (You
                  | found it in a treasure trove)
  6216 | D:11     | Got a faintly humming helmet
  6222 | D:11     | Identified the +2 helmet "Qeomiompyg" {rN+} (You found it
                  | on level 11 of the Dungeon)
  6447 | D:11     | Noticed Grum
  6466 | D:11     | Killed Grum
  6620 | D:11     | Reached skill level 12 in Invocations
  7140 | Lair:1   | Entered Level 1 of the Lair of Beasts
  7759 | Lair:2   | Found a staircase to the Snake Pit.
  8309 | Lair:3   | Noticed Gastronok
  8318 | Lair:3   | Found a staircase to the Swamp.
  8329 | Lair:3   | Killed Gastronok
  8329 | Lair:3   | Gained mutation: You resist negative energy. (rN+) [Deep
                  | Dwarf growth]
  8329 | Lair:3   | Reached XP level 14. HP: 135/135 MP: 8/8
  8376 | Lair:3   | Reached skill level 13 in Invocations
  8746 | D:11     | Identified a scroll of acquirement
  9896 | D:13     | Found a gate to the Vaults.
  9907 | D:13     | Reached skill level 10 in Shields
  9928 | D:13     | Reached skill level 10 in Armour
  9956 | D:13     | Reached skill level 14 in Invocations
 10050 | D:13     | Identified the +0 pair of gloves of Sutauwem {rC- rN+++
                  | Regen+ Int-3} (You acquired it on level 13 of the Dungeon)
 10562 | D:14     | Identified Roxanne's Guide on Transmutation
 10562 | D:14     | Noticed Roxanne
 10658 | D:15     | Entered Level 15 of the Dungeon
 10933 | D:15     | Noticed Nessos
 10968 | D:15     | Killed Nessos
 11323 | D:15     | Found a staircase to the Depths.
 11968 | Swamp:1  | Entered Level 1 of the Swamp
 11987 | Swamp:1  | Reached skill level 15 in Invocations
 12190 | Swamp:1  | Found a transporter.
 12230 | Swamp:1  | Reached ***** piety under Makhleb
 12235 | Swamp:1  | Reached XP level 15. HP: 144/144 MP: 10/10
 12312 | Swamp:1  | Noticed a thorn hunter
 12322 | Swamp:1  | Noticed a thorn hunter
 12352 | Swamp:1  | Killed a thorn hunter
 12362 | Swamp:1  | Killed a thorn hunter
 12488 | Swamp:2  | Reached skill level 16 in Invocations
 12581 | Swamp:4  | Entered Level 4 of the Swamp
 12664 | Swamp:4  | Noticed a thorn hunter
 12680 | Swamp:4  | Killed a thorn hunter
 12999 | Swamp:4  | Noticed a bone dragon
 13021 | Swamp:4  | Reached skill level 17 in Invocations
 13027 | Swamp:4  | Reached ****** piety under Makhleb
 13030 | Swamp:4  | Killed a bone dragon
 13050 | Swamp:4  | Got a decaying rune of Zot
 13246 | Snake:1  | Entered Level 1 of the Snake Pit
 13658 | Snake:2  | Reached XP level 16. HP: 154/154 MP: 11/11
 13721 | Snake:2  | Reached skill level 18 in Invocations
 13959 | Snake:3  | Reached skill level 15 in Axes
 13993 | Snake:3  | Reached skill level 15 in Shields
 14047 | Snake:4  | Entered Level 4 of the Snake Pit
 14119 | Snake:4  | Reached skill level 19 in Invocations
 14287 | Snake:4  | Got a serpentine rune of Zot
 14705 | Vaults:1 | Entered Level 1 of the Vaults
 14912 | Vaults:1 | Noticed Donald
 14929 | Vaults:1 | Killed Donald
 14929 | Vaults:1 | Reached XP level 17. HP: 121/165 MP: 12/12
 15029 | Vaults:1 | Found Tedaos's Food Shoppe.
 15612 | Vaults:2 | Reached skill level 20 in Invocations
 15790 | Vaults:2 | Identified the +13 chain mail of Sunlight {*Slow +Inv rPois
                  | MP+9} (You found it on level 2 of the Vaults)
 16093 | Vaults:3 | Paralysed by an ogre mage for 3 turns
 16845 | Vaults:4 | Gained mutation: You passively map a large area around you.
                  | [Deep Dwarf growth]
 16845 | Vaults:4 | Reached XP level 18. HP: 169/176 MP: 13/13
 16856 | Vaults:5 | Entered Level 5 of the Vaults
 17011 | Vaults:5 | HP: 6/177 [spark wasp (glowing shapeshifter) (11)]
 17011 | Vaults:5 | Slain by a spark wasp (glowing shapeshifter)

Levels and vault maps discovered:
D:1:      heliophobic_arrival_henge, layout_loops_ring, tso_metal_star
D:2:      layout_basic, nicolae_qazlal_style_of_elements, first_ration
D:3:      layout_basic, nicolae_overflow_hidden_temple, serial_park_tiny_pond
D:4:      layout_rooms, kennysheep_mini_moat, serial_shops, shop
D:5:      layout_cave_pools, lemuel_coloured_pillars_altar
D:6:      layout_basic, minmay_temple_entry_sparse_star, portal_sewer_entry_f,
          serial_shops, shop_fountains, minmay_chambers_of_fives,
          uniq_prince_ribbit1
D:7:      layout_basic, elyvilon_altar_4, uniq_harold
D:8:      layout_basic, dpeg_lair_monsters, enter_bailey_2, enter_ossuary_4
D:9:      layout_cave_pools, basic_altar, uniq_pikel, uniq_psyche
D:10:     layout_basic, orc_david_3, nicolae_trove_entry_diagonal
D:11:     cheibrodos_helix_gallery, layout_layer_cave, the_bakery,
          minmay_quadrilaterals, uniq_grum
D:12:     layout_stronghold, nrook_uturn
D:13:     layout_loops_ring, grunt_vaults_entry_fortified
D:14:     layout_cave_pods, uniq_roxanne, uniq_rupert
D:15:     grunt_enter_depths_snipers, layout_stronghold,
          minmay_misc_feat_rugged, uniq_nessos
Temple:   regret_index_temple_sphere_string
Lair:1:   layout_cave_pods, uniq_urug
Lair:2:   layout_cave_pods, minmay_snake_entry_spellcaster, forest_entry_grove
Lair:3:   layout_regular_city, minmay_swamp_entry_swarm,
          kennysheep_basilisk_garden, grunt_megastairs_2, uniq_gastronok
Swamp:1:  gammafunk_worm_tunnel, layout_falls_marsh,
          evilmike_swamp_ruin_house_6, infiniplex_staircase_pool
Swamp:2:  layout_basic_swamp, serial_swamp_ruin, evilmike_swamp_ruin_house_1,
          evilmike_swamp_ruin_house_5, evilmike_swamp_ruin_rubble_1, swamp_pool3
Swamp:3:  layout_basic_swamp, evilmike_swamp_ruin_wall, swamp_pool1,
          nicolae_swamp_round_clearing, nicolae_swamp_necromancer_hut,
          infiniplex_staircase_pool_2
Swamp:4:  swamp_pestilence, layout_basic_swamp
Snake:1:  layout_onion, st_stairs_11, drop_trap
Snake:2:  layout_onion_interference, nicolae_snake_lava_pool
Snake:3:  layout_honeycomb, ebering_ghost_xom
Snake:4:  snake_pit, layout_grid_shapes, uniq_vashnia
Vaults:1: dpeg_vaults_monster_box, grunt_vaults_hallway_long, v_misc_12,
          v_misc_9, vaults_dpeg_hooks, vaults_mumra_chevron,
          nicolae_vaults_triangles, v_misc_3, vaults_room_hallway,
          ontoclasm_vaults_shuriken, ontoclasm_vaults_eye, vaults_dpeg_cross,
          layout_vaults_maze_snakey, serial_shops, shop, uniq_donald
Vaults:2: hangedman_vaults_stagger, hangedman_vaults_unwind,
          hangedman_vaults_hard_town_square, v_misc_3, ontoclasm_vaults_spin,
          nicolae_vaults_little_squares_3, layout_vaults_omnigrid, uniq_boris
Vaults:3: grunt_vaults_diagonal, v_misc_10, v_misc_9, st_hourglassy, v_misc_15,
          minmay_crypt_entry_simple_sparse, nicolae_vaults_specimen_jars,
          grunt_vaults_focal, ontoclasm_vaults_ligature, v_misc_16,
          vaults_dpeg_ring, v_misc_24, nicolae_vaults_little_squares_2,
          v_misc_29, nicolae_vaults_three_branches, layout_vaults_omnicross
Vaults:4: ontoclasm_vaults_ring_small, v_misc_11, v_alt_pattern_4,
          grunt_vaults_bifocal, v_pattern_5, hangedman_vaults_impose,
          nicolae_vaults_ninety_degrees, v_misc_25, v_misc_24,
          vaults_room_grunt_arrival_checkpoint, nicolae_vaults_rhombus_5,
          layout_vaults_omnibox
Vaults:5: serial_shops

Skill      XL: |  1  2  3  4  5  6  7  8  9 10 11 12 13 14 15 16 17 18 |
---------------+-------------------------------------------------------+-----
Fighting       | 3 4 5 6 7 8 9 10 11 12 13 14 | 14.8
Axes           | 3 4 5 7 8 9 10 11 12 13 14 15 16 17 | 17.0
Dodging        | 1 2 3 4 5 6 7 8 9 |  9.4
Armour         | 4 5 6 7 8 9 10 11 12 | 12.9
Shields        | 4 5 6 7 8 9 11 14 16 17 | 17.4
Invocations    | 3 6 8 10 11 12 15 17 19 20 | 20.8

Action                   |  1- 3 |  4- 6 |  7- 9 | 10-12 | 13-15 | 16-18 || total
-------------------------+-------+-------+-------+-------+-------+-------++-------
Melee: War axe           |   102 |   126 |   505 |   272 |   112 |       ||  1117
       Broad axe         |       |       |       |       |  1058 |   706 ||  1764
Invok: Lesser Servant of |       |       |       |     2 |     2 |     5 ||     9
       Greater Servant o |       |       |       |       |       |     6 ||     6
 Abil: Heal Wounds       |     2 |     4 |    23 |    33 |    22 |    13 ||    97
Evoke: Wand              |       |       |       |     1 |     5 |       ||     6
  Use: Scroll            |       |       |     3 |     1 |    24 |     9 ||    37
       Potion            |       |       |     1 |     2 |     3 |     3 ||     9
 Stab: Distracted        |       |       |       |       |     2 |     1 ||     3
  Eat: Chunk             |       |     1 |     8 |     3 |    30 |     8 ||    50
       Ration            |       |       |       |       |     1 |     1 ||     2
Armor: Scale mail        |    50 |    42 |       |       |       |       ||    92
       Plate armour      |       |    41 |   320 |    99 |   612 |   276 ||  1348
Dodge: Dodged            |    38 |    44 |   114 |    86 |   488 |   259 ||  1029
Block: Kite shield       |    59 |    70 |   296 |   148 |   348 |       ||   921
       Tower shield      |       |       |       |       |   762 |   881 ||  1643

Table legend:
 A = Non-vault XP
 B = Vault XP
 C = Vault XP percentage of total XP
 D = Non-vault monster count
 E = Vault monster count
 F = Vault count percentage of total count
                 A         B        C        D         E       F
            +---------+---------+-------+---------+---------+-------
      Total |  171954 |  120247 |  41.2 |     571 |     243 |  29.9
            +---------+---------+-------+---------+---------+-------
        D:1 |      13 |       0 |   0.0 |       7 |       0 |   0.0
        D:2 |      43 |       0 |   0.0 |      13 |       0 |   0.0
        D:3 |       1 |       0 |   0.0 |       1 |       0 |   0.0
        D:4 |     178 |       0 |   0.0 |      10 |       0 |   0.0
        D:5 |    1003 |       0 |   0.0 |      29 |       0 |   0.0
        D:6 |    1284 |     616 |  32.4 |      40 |      11 |  21.6
        D:7 |    1951 |     992 |  33.7 |      27 |       1 |   3.6
        D:8 |     575 |    4734 |  89.2 |      10 |       9 |  47.4
        D:9 |     739 |     804 |  52.1 |      11 |       2 |  15.4
       D:10 |    2944 |      12 |   0.4 |      20 |       4 |  16.7
       D:11 |    4469 |    1920 |  30.1 |      41 |      12 |  22.6
       D:12 |    4042 |       0 |   0.0 |      19 |       0 |   0.0
       D:13 |    6029 |    6624 |  52.4 |      17 |      10 |  37.0
       D:14 |     178 |       0 |   0.0 |       3 |       0 |   0.0
       D:15 |    4073 |    3698 |  47.6 |      21 |       4 |  16.0
     Lair:1 |     530 |       0 |   0.0 |       2 |       0 |   0.0
     Lair:2 |    3771 |    1658 |  30.5 |      18 |       8 |  30.8
     Lair:3 |    5594 |    4543 |  44.8 |      29 |      11 |  27.5
    Swamp:1 |   16095 |       0 |   0.0 |      30 |       0 |   0.0
    Swamp:2 |    4959 |       0 |   0.0 |      17 |       0 |   0.0
    Swamp:3 |    4012 |       0 |   0.0 |       8 |       0 |   0.0
    Swamp:4 |    8205 |   11011 |  57.3 |      24 |      28 |  53.8
    Snake:1 |   12019 |     468 |   3.7 |      20 |       1 |   4.8
    Snake:2 |   10186 |    2059 |  16.8 |      20 |      16 |  44.4
    Snake:3 |   18107 |       0 |   0.0 |      34 |       0 |   0.0
    Snake:4 |   11141 |   17336 |  60.9 |      21 |      19 |  47.5
   Vaults:1 |    6312 |    5467 |  46.4 |       8 |       7 |  46.7
   Vaults:2 |   11098 |   20645 |  65.0 |      19 |      26 |  57.8
   Vaults:3 |   13129 |    1051 |   7.4 |      23 |       1 |   4.2
   Vaults:4 |    9093 |   13121 |  59.1 |      16 |      14 |  46.7
   Vaults:5 |   10181 |   21398 |  67.8 |      13 |      16 |  55.2
      Sewer |       0 |     115 | 100.0 |       0 |       6 | 100.0
    Ossuary |       0 |     151 | 100.0 |       0 |      16 | 100.0
     Bailey |       0 |    1824 | 100.0 |       0 |      21 | 100.0
            +---------+---------+-------+---------+---------+-------
